 Dungeon Crawl Stone Soup version 0.27.0-1-g7a089689b8 (webtiles) character file.

Game seed: 6843031109045633470

163 SnakkuSnakku7 the Skirmisher (level 5, -1/55 HPs)
             Began as an Ogre Enchanter on Aug 13, 2021.
             Slain by a sky beast (6 damage)
             ... on level 4 of the Dungeon.
             The game lasted 00:03:27 (3225 turns).

SnakkuSnakku7 the Skirmisher (Ogre Enchanter)       Turns: 3225, Time: 00:03:27

Health: -1/55      AC:  3    Str: 13    XL:     5   Next: 44%
Magic:  8/8        EV:  9    Int: 16    God:
Gold:   116        SH:  0    Dex:  9    Spells: 7/8 levels left

rFire    . . .     SeeInvis .   q - +0 short sword (speed)
rCold    . . .     Faith    .   (no shield)
rNeg     . . .     Spirit   .   b - +0 robe
rPois    .         Reflect  .   (helmet restricted)
rElec    .         Harm     .   (no cloak)
rCorr    .         Rampage  .   (gloves unavailable)
Will     .....                  (boots unavailable)
Stlth    ++........             (no amulet)
HPRegen  0.18/turn              (no ring)
MPRegen  0.11/turn              (no ring)

@: no status effects
A: large, unfitting armour, tough skin 1
a: no special abilities


You were on level 4 of the Dungeon.
You visited 1 branch of the dungeon, and saw 4 of its levels.

You collected 116 gold pieces.

Inventory:

Hand Weapons
 a - a +1 dagger
 d - a +0 spear
 q - a +0 short sword of speed (weapon)
Armour
 b - a +0 robe (worn)
 f - a +0 tower shield
Jewellery
 o - a ring of see invisible
Wands
 h - a wand of polymorph (10)
Scrolls
 c - a scroll of amnesia {unknown}
 e - a scroll of vulnerability {unknown}
 j - a scroll of immolation {unknown}
 k - a scroll of fear {unknown}
 m - a scroll of brand weapon {unknown}
 n - 3 scrolls of noise {unknown}
 p - a scroll of identify {unknown}
Potions
 g - 2 potions of mutation {unknown}
 i - 2 potions of flight {unknown}
 l - 2 potions of heal wounds {unknown}


   Skills:
 + Level 4.8 Fighting
 - Level 0.8 Short Blades
 - Level 1.7 Dodging
 - Level 2.1 Stealth
 + Level 2.8 Shields
 - Level 2.4 Spellcasting
 - Level 2.6 Hexes


You had 7 spell levels left.
You knew the following spells:

 Your Spells              Type           Power      Damage    Failure   Level
a - Corona                Hex            11%        N/A       7%          1

Your spell library contained the following spells:

 Spells                   Type           Power      Damage    Failure   Level
 Ensorcelled Hibernation  Hex/Ice        12%        N/A       17%         2
 Confusing Touch          Hex            10%        N/A       21%         3
 Tukima's Dance           Hex            10%        N/A       21%         3
 Dazzling Flash           Conj/Hex       12%        N/A       34%         3


Dungeon Overview and Level Annotations

Branches:
Dungeon (4/15)
 Temple: D:4-7

Altars:
Okawaru

Shops:
D:3 [


Innate Abilities, Weirdness & Mutations

You are too large for most types of armour.
You have tough skin. (AC +1)


Message History

Something hits you but does no damage.
You miss something.
A sky beast appears from thin air!
Reactivating autopickup.
The sky beast hits you. The sky beast shocks you.
You hit the sky beast but do no damage.
The sky beast is heavily wounded.
The sky beast hits you but does no damage.
You barely miss the sky beast.
The sky beast is heavily wounded.
You closely miss the sky beast.
The sky beast is heavily wounded.
The sky beast hits you. The sky beast shocks you.
You hit the sky beast.
The sky beast is heavily wounded.
The sky beast hits you but does no damage.
You hit the sky beast.
The sky beast is severely wounded.
You hit the sky beast but do no damage.
The sky beast is severely wounded.
The sky beast hits you. The sky beast shocks you.
* * * LOW HITPOINT WARNING * * *
You hit the sky beast.
The sky beast is almost dead.
The sky beast hits you.
* * * LOW HITPOINT WARNING * * *
The sky beast shocks you.
* * * LOW HITPOINT WARNING * * *
The sky beast flickers out of sight!
Deactivating autopickup; reactivate with Ctrl-A.
You hit something.
A sky beast appears from thin air!
Reactivating autopickup.
The sky beast barely misses you.
You hit the sky beast.
The sky beast is almost dead.
You closely miss the sky beast.
The sky beast is almost dead.
The sky beast hits you.
* * * LOW HITPOINT WARNING * * *
The sky beast shocks you.
You die...

#. #.#.#........#
#.#########.#.#<...>....
#..<..........##.......#
#...########.####.......#
.....#?. #.# #.......#
####....# #.# ####.####
##.#.# #.# .# #. .# #Y# .. #.
.# #@# ## .. .# #.# #.#
#.######## #.#......#
###........##
###...........##
#.....#.##.....##
########.....#.#.<.....######


You could see a sky beast.

Vanquished Creatures
  Natasha (thrice) (D:3)
  A gnoll (D:1)
  3 adders (D:3)
  2 dart slugs
  An orc (D:3)
  6 endoplasms
  A giant cockroach (D:1)
  5 hobgoblins
  3 jackals (D:1)
  6 kobolds
  A quokka (D:1)
  4 ball pythons
  A bat (D:3)
  4 frilled lizards (D:3)
  4 goblins
  6 rats
51 creatures vanquished.

Notes
Turn   | Place    | Note
-------+----------+-------------------------------------------
     0 | D:1      | SnakkuSnakku7 the Ogre Enchanter began the quest for the
                  | Orb.
     0 | D:1      | Reached XP level 1. HP: 16/16 MP: 3/3
    68 | D:1      | Reached skill level 1 in Fighting
    89 | D:1      | Reached skill level 2 in Fighting
   191 | D:1      | Reached XP level 2. HP: 27/28 MP: 5/5
   771 | D:1      | Reached skill level 1 in Shields
   771 | D:1      | Reached XP level 3. HP: 36/36 MP: 6/6
   868 | D:2      | Found a faded altar of an unknown god.
   901 | D:2      | Reached skill level 3 in Fighting
  1352 | D:3      | Noticed Natasha
  1367 | D:3      | Killed Natasha
  1368 | D:3      | Reached XP level 4. HP: 10/48 MP: 7/7
  1859 | D:3      | Noticed Natasha
  1865 | D:3      | Killed Natasha
  1866 | D:3      | Reached skill level 4 in Fighting
  1996 | D:3      | Found an iron altar of Okawaru.
  2079 | D:3      | Reached XP level 5. HP: 37/55 MP: 8/8
  2120 | D:3      | Found Qumotuyt's Armour Emporium.
  2199 | D:3      | Noticed Natasha
  2214 | D:3      | Killed Natasha
  3187 | D:4      | Noticed a sky beast
  3225 | D:4      | Slain by a sky beast

Illustrated notes

Levels and vault maps discovered:
D:1:      zelgadis_glass_arrival_small, layout_basic,
          amcnicky_mini_corridor_feature
D:2:      layout_rooms, ebering_ecumenical_altar_petrified
D:3:      layout_basic, okawaru_metal_pillars_1_2, serial_shops,
          nicolae_lakefront_shop, kennysheep_potato, uniq_natasha
D:4:      black_bear_nest_2, layout_loops_ring,
          nicolae_gozag_conspicuous_consumption

Skill      XL: |  1  2  3  4 |
---------------+-------------+-----
Fighting       | 2 3 4 |  4.8
Shields        | 1 2 |  2.8
Short Blades   | |  0.8
Dodging        | |  1.7
Stealth        | |  2.1
Spellcasting   | |  2.4
Hexes          | |  2.6

Action                   |  1- 3 |  4- 6 || total
-------------------------+-------+-------++-------
Melee: Spear             |   109 |   118 ||   227
       Short sword       |       |    24 ||    24
Evoke: Wand              |     3 |     4 ||     7
 Stab: Sleeping          |     2 |     1 ||     3
Armor: Robe              |    23 |    37 ||    60
Dodge: Dodged            |    47 |    46 ||    93
